 Dungeon Sprint DCSS version 0.28-a0-268-g3f656e82c2 (webtiles) character file.

Game seed: 4050348614138020868

8 Ankalagon the Charlatan (level 2, -6/22 HPs)
             Began as a Deep Dwarf Conjurer on Aug 29, 2021.
             Was an Initiate of Makhleb.
             Killed by nerve-wracking pain
             ... invoked by a shadow imp
              (9 damage)
             ... in the Dungeon (Sprint V: "Ziggurat Sprint").
             The game lasted 00:00:47 (91 turns).

Ankalagon the Charlatan (Deep Dwarf Conjurer)         Turns: 91, Time: 00:00:47

Health: -6/22      AC:  2    Str: 10      XL:     2   Next: 0%
Magic:  6/6        EV: 11    Int: 18      God:    Makhleb [......]
Gold:   0          SH:  7    Dex:  5 (11) Spells: 7/8 levels left

rFire   . . .      SeeInvis .   N - +7 Singing Sword {vorpal, sonic wave}
rCold   . . .      Faith    .   A - +3 buckler
rNeg    . . .      Spirit   .   a - +0 robe
rPois   .          Reflect  .   (no helmet)
rElec   .          Harm     .   (no cloak)
rCorr   .          Rampage  .   (no gloves)
Will    .....      NoTele   +   (no boots)
Stlth   ++........              (no amulet)
HPRegen 0.00/turn               (no ring)
MPRegen 0.10/turn               (no ring)

@: on berserk cooldown, hasted and slowed
A: damage resistance, heal wounds, sense surroundings 1, no regeneration
a: Heal Wounds, Renounce Religion


You were in the Dungeon.
You worshipped Makhleb.
Makhleb was noncommittal.
You visited 1 branch

Inventory:

Hand Weapons
 N - the +7 Singing Sword (weapon) {vorpal, sonic wave}
   (You found it in the Dungeon)

   It inflicts extra damage upon your enemies.
   It radiates damaging sonic waves as it strikes, especially in combat
   involving dangerous or numerous foes.
 O - the +5 sword of Power {vorpal}
   (You found it in the Dungeon)

   It inflicts extra damage upon your enemies.
   It occasionally discharges a powerful but inaccurate bolt of energy upon
   striking a foe, with increased chance the greater the wielder's current
   health.
 P - the +9 sword of Zonguldrok {reap}
   (You found it in the Dungeon)

   Any living foe damaged by it may be reanimated upon death as a zombie
   friendly to the wielder, with an increasing chance as more damage is dealt.
Armour
 a - a +0 robe (worn)
 r - +5 fire dragon scales
 s - +5 ice dragon scales
 t - +5 storm dragon scales
 u - +5 shadow dragon scales
 v - +5 gold dragon scales
 w - a +5 crystal plate armour
 x - a +5 plate armour
 y - a +3 kite shield
 z - a +3 tower shield
 A - a +3 buckler (worn)
 M - the +18 shield of the Gong {rElec rN+ Will+ EV-5}
   (You found it in the Dungeon)

   It is deafeningly noisy when blocking attacks.
   EV:        It affects your evasion (-5).
   rElec:     It insulates you from electricity.
   rN:        It protects you from negative energy.
   Will:      It increases your willpower.
Jewellery
 E - a ring of flight
 F - a +6 ring of dexterity
 G - a +6 ring of dexterity
 H - a +6 ring of intelligence
 I - a +6 ring of intelligence
 J - a +6 ring of strength
 K - a +6 ring of strength
Wands
 B - a wand of mindburst (7)
 C - a wand of iceblast (7)
 D - a wand of acid (7)
Scrolls
 g - 4 scrolls of blinking
 m - 7 scrolls of fog
 n - a scroll of holy word
 o - 5 scrolls of identify
 p - 2 scrolls of fear
 q - 4 scrolls of amnesia
Potions
 b - 10 potions of curing
 c - 10 potions of heal wounds
 d - 5 potions of haste
 e - 7 potions of magic
 f - 2 potions of berserk rage
 h - 2 potions of brilliance
 i - 2 potions of invisibility
 j - 4 potions of resistance
 l - 5 potions of might
Miscellaneous
 L - a lightning rod (4/4)


   Skills:
 + Level 2.1 Dodging
 + Level 2.4 Stealth
 - Level 4.4 Shields
 + Level 3.9 Spellcasting
 + Level 3.6 Conjurations
 - Level 5.3 Evocations


You had 7 spell levels left.
You knew the following spells:

 Your Spells              Type           Power      Damage    Failure   Level
e - Magic Dart            Conj           64%        1d6       3%          1

Your spell library contained the following spells:

 Spells                   Type           Power      Damage    Failure   Level
 Searing Ray              Conj           32%        3d4       4%          2
 Dazzling Flash           Conj/Hex       20%        N/A       22%         3
 Fulminant Prism          Conj/Hex       5%         3d7       56%         4
 Iskenderun's Mystic Bla  Conj/Tloc      10%        2d4       56%         4


Dungeon Overview and Level Annotations

Branches:
Dungeon (1/1)

Altars:
Ashenzari
Cheibriados
Dithmenos
Elyvilon
Fedhas
Gozag
Hepliaklqana
Kikubaaqudgha
Makhleb
Nemelex Xobeh
Okawaru
Qazlal
Ru
Sif Muna
Trog
Uskayaw
Vehumet
Wu Jian
Xom
Yredelemnul
Zin
The Shining One
Beogh
Jiyva
Lugonu

Annotations:
D 1 transporter


Innate Abilities, Weirdness & Mutations

You are resistant to damage.
You can heal yourself by infusing magical energy.
You passively map a small area around you.
You do not regenerate.


Message History

You feel clumsy.
The quasit claws you but does no damage. x2
You miss the quasit. You block the quasit's attack. x2
The quasit closely misses you. The shadow imp gestures at you.
You barely resist. The quasit bites you.
You feel clumsy. The quasit claws you. The quasit closely misses you.
You barely miss the quasit. The shadow imp puffs mist at you.
The shadow imp hits you. The quasit bites you. You block the quasit's attack.
The quasit claws you but does no damage.
You barely miss the quasit.
You are no longer berserk.
You are exhausted.
You feel yourself slow down. The quasit misses you.
The quasit closely misses you. You block the quasit's attack.
The shadow imp misses you. You block the quasit's attack.
The quasit completely misses you. The quasit claws you.
The shadow imp hits you but does no damage.
You closely miss the quasit.
The quasit bites you but does no damage.
The quasit claws you but does no damage. x2
The shadow imp gestures at you. Pain shoots through your body!
Ouch! That really hurt!
* * * LOW HITPOINT WARNING * * *
You block the quasit's attack. The quasit barely misses you.
The quasit closely misses you.
You slash the quasit!
The Singing Sword plays a requiem for the unknown sword.
You send a blast of sound all around you.
The quasit and the shadow imp are blasted.
You kill the quasit!
Makhleb accepts your kill.
The shadow imp is moderately wounded.
The shadow imp closely misses you. The shadow imp gestures at you.
Pain shoots through your body!
You die...

* ▓▓▓▓▓▓▓
*,
,▓.8©8.▓
,,▓.....▓
,,,▓.).}.▓
▓.....▓ ,
▓...5.▓
,▓..@..▓
,▓▓▓▓▓▓▓ *
* * ,, © ,
, , , , ,
, , , , *


You could see a shadow imp.

Vanquished Creatures
  A quasit (D)
1 creature vanquished.

Notes
Turn   | Place    | Note
-------+----------+-------------------------------------------
     0 | D        | Ankalagon the Deep Dwarf Conjurer began the quest for the
                  | Orb.
     0 | D        | Reached XP level 1. HP: 15/15 MP: 3/3
     0 | D        | Found a shimmering blue altar of Sif Muna.
     0 | D        | Found a sacrificial altar of Ru.
     0 | D        | Found a bloodstained altar of Trog.
     0 | D        | Found a stormy altar of Qazlal.
     0 | D        | Found an iron altar of Okawaru.
     0 | D        | Found a sparkling altar of Nemelex Xobeh.
     0 | D        | Found a blossoming altar of Fedhas.
     0 | D        | Found the +6 Majin-Bo {vamp, MP+6 Int+6}
     0 | D        | Found the +9 heavy crossbow "Sniper" {vorpal, Acc+∞ SInv}
     0 | D        | Found the +10 dark maul {vorpal}
     0 | D        | Found the +15 Maxwell's patent armour {-Cast -Tele rElec
                  | Will+ rCorr}
     0 | D        | Found the +18 shield of the Gong {rElec rN+ Will+ EV-5}
     0 | D        | Found the +14 obsidian axe {vorpal, Drain Fly SInv}
     0 | D        | Found the +7 great mace "Firestarter" {inner flame, rF++}
     0 | D        | Found the +6 shillelagh "Devastator" {shatter}
     0 | D        | Found the +11 plutonium sword {Contam Stlth-}
     0 | D        | Found the +8 lance "Wyrmbane" {slay drac, rPois rF+ rC+
                  | AC+3}
     0 | D        | Found the +9 sword of Zonguldrok {reap}
     0 | D        | Found the +13 scythe of Curses {drain, Drain}
     0 | D        | Found the +5 sword of Power {vorpal}
     0 | D        | Found the +7 mace of Variability {chain chaos}
     0 | D        | Found the +7 Singing Sword {vorpal, sonic wave}
     0 | D        | Found the +8 storm bow {elec, penet}
     2 | D        | Found a transporter.
     2 | D        | Found an ancient bone altar of Kikubaaqudgha.
     2 | D        | Found a viscous altar of Jiyva.
     2 | D        | Found a corrupted altar of Lugonu.
     2 | D        | Found a hazy altar of Hepliaklqana.
     2 | D        | Found a burning altar of Makhleb.
     2 | D        | Found an opulent altar of Gozag.
    44 | D        | Reached skill level 5 in Evocations
    44 | D        | Reached XP level 2. HP: 22/22 MP: 3/6
    51 | D        | Became a worshipper of Makhleb the Destroyer
    75 | D        | Entered arena 2.
    75 | D        | Found a transporter.
    91 | D        | Killed from afar by a shadow imp

Illustrated notes

Levels and vault maps discovered:
D:        sprint_v [room_start, room_1, room_2, room_3, room_4, room_5, room_6,
          room_7, room_8, room_9, room_10, room_11, room_12, room_13, room_14,
          room_15, room_16, room_17, room_18, room_19, room_20, room_21,
          room_22, room_23, room_24, room_25, room_26, room_27]

Skill      XL: |  1 |
---------------+----+-----
Shields        | 4 |  4.4
Spellcasting   | 3 |  3.9
Evocations     | 5 |  5.3
Dodging        | |  2.1
Stealth        | |  2.4
Conjurations   | |  3.6

Action                   || total
-------------------------++-------
Melee: Double sword      ||    15
  Use: Potion            ||     3
Armor: Robe              ||    13
Dodge: Dodged            ||    26
Block: Buckler           ||    12

Table legend: (Time is in decaauts)
 A = Elapsed time spent in this place.
 B = Non-inter-level travel time spent in this place.
 C = Inter-level travel time spent in this place.
 D = Time resting spent in this place.
 E = Time spent auto-exploring this place.
 F = Levels seen in this place.
 G = Mean time per level.
                   A        B        C        D        E       F      G
               +--------+--------+--------+--------+--------+-----+--------+
         Total |     90 |     90 |      0 |     16 |      0 |   1 |   90.0 |
       Dungeon |     90 |     90 |      0 |     16 |      0 |   1 |   90.0 |
               +--------+--------+--------+--------+--------+-----+--------+

Top non-repeatable levels by time:
       D: 90 daAuts
